 Dungeon Crawl Stone Soup version 0.30-a0-1176-gcdfb0321a8 (webtiles) character file.

Game seed: 6126095422646649125

5516 Gargoyl the Protected (level 10, -5/64 HPs)
             Began as a Gargoyle Berserker on Apr 30, 2023.
             Was an Elder of Trog.
             Slain by an acid dragon (11 damage)
             ... on level 8 of the Dungeon.
             The game lasted 00:11:32 (6299 turns).

Gargoyl the Protected (Gargoyle Berserker)          Turns: 6299, Time: 00:11:32

Health: -5/64      AC: 18    Str: 26      XL:     10   Next: 70%
Magic:  10/10      EV: 12    Int:  8 (10) God:    Trog [****..]
Gold:   305        SH:  0    Dex: 15 (16) Spells: 9/9 levels left

rFire   + . .        a - +3 hand axe
rCold   . . .        (no shield)
rNeg    + . .        m - +0 scale mail of the Hot Ocelot {rF+ Str+2 Int+3 Dex+3}
rPois   ∞            (no helmet)
rElec   +            s - +0 cloak
rCorr   .            e - +0 pair of gloves {Stlth+}
SInv    .            (no boots)
Will    +++..        (no amulet)
Stlth   +++          l - +4 ring of protection
HPRegen 1.30/turn    (no ring)
MPRegen 0.12/turn

%: no passive effects
@: strong-willed, corroded, regenerating, unable to drink
A: sickness immunity, AC +7, negative energy resistance 1, electricity
resistance, torment resistance 1, petrification resistance, thin skeletal
structure 1, deterioration 1, strong-willed 1, inability to drink after injury
1, MP-powered wands
a: Renounce Religion, Berserk, Trog's Hand, Brothers in Arms


You were on level 8 of the Dungeon.
You worshipped Trog.
Trog was greatly pleased with you.
You visited 1 branch of the dungeon, and saw 8 of its levels.

You collected 602 gold pieces.
You spent 297 gold pieces at shops.

Inventory:

Hand Weapons
 a - a +3 hand axe (weapon)
 i - a +0 broad axe
 t - the +4 falchion "Toirgh" {flame, rElec rPois Int+6}
   (You found it on level 6 of the Dungeon)

   Int:       It affects your intelligence (+6).
   rElec:     It insulates you from electricity.
   rPois:     It protects you from poison.
Missiles
 j - 30 poisoned darts (quivered)
Armour
 e - a +0 pair of gloves of stealth (worn)
 m - the +0 scale mail of the Hot Ocelot (worn) {rF+ Str+2 Int+3 Dex+3}
   (You bought it in a shop on level 5 of the Dungeon)

   Str:       It affects your strength (+2).
   Int:       It affects your intelligence (+3).
   Dex:       It affects your dexterity (+3).
   rF:        It protects you from fire.
 s - a +0 cloak (worn)
Jewellery
 l - a +4 ring of protection (left hand)
Wands
 f - a wand of digging (12)
 p - a wand of polymorph (9)
 x - a wand of flame (23)
Scrolls
 r - 2 scrolls of poison
 w - a scroll of identify
 y - 2 scrolls of torment
Potions
 b - 4 potions of haste
 c - a potion of resistance
 d - 2 potions of invisibility
 g - a potion of berserk rage {unknown}
 h - 2 potions of lignification {unknown}
 k - 2 potions of flight {unknown}
 n - 2 potions of heal wounds
 o - a potion of degeneration
 q - a potion of curing
 v - a potion of cancellation {unknown}


   Skills:
 + Level 7.7 Fighting
 + Level 6.2 Long Blades
 + Level 7.7 Axes
 + Level 0.5 Throwing
 + Level 8.5 Armour
 + Level 4.8 Dodging
 + Level 2.5 Stealth


You had 9 spell levels left.
You didn't know any spells.
Your spell library was empty.

Dungeon Overview and Level Annotations

Branches:
Dungeon (8/15)             Temple (0/1) D:4
   Lair: D:8-11

Altars:
Cheibriados
Dithmenos
Elyvilon
Fedhas
Sif Muna
Trog
Zin
The Shining One

Shops:
D:5 [   D:7 :


Innate Abilities, Weirdness & Mutations

You are immune to sickness and miasma.
Your stone body is resilient. (AC +7)
You are immune to poison.
You resist negative energy. (rN+)
You are resistant to electric shocks. (rElec)
You are resistant to unholy torment.
You are immune to petrification.
You have a somewhat thin skeletal structure. (Dex +2, Stealth+)
Your body sometimes deteriorates upon taking damage.
You are strong-willed. (Will+)
You occasionally lose the ability to drink potions when taking damage.
You expend magic power (3 MP) to strengthen your wands.


Message History

The centaur kicks you but does no damage.
The centaur hits you but does no damage.
The centaur barely misses you.
You hit the acid dragon but do no damage.
The acid dragon is lightly wounded.
You hit the centaur.
You kill the centaur!
Trog accepts your kill. The acid dragon bites you.
* * * LOW HITPOINT WARNING * * *
The acid dragon claws you but does no damage.
You hit the acid dragon.
The acid dragon is moderately wounded.
The acid dragon bites you but does no damage.
The acid dragon claws you but does no damage.
You hit the acid dragon.
The acid dragon is moderately wounded.
The acid dragon barely misses you. x2
You hit the acid dragon but do no damage.
The acid dragon is moderately wounded.
The acid dragon spits acid at you. The splash of acid hits you!
* * * LOW HITPOINT WARNING * * *
Your body deteriorates!
You feel clumsy.
You hear an angry buzzing noise.
You hit the acid dragon.
The acid dragon is heavily wounded.
The acid dragon misses you. x2
Unknown command.
You hit the acid dragon but do no damage.
The acid dragon is heavily wounded.
The acid dragon misses you.
The acid dragon claws you but does no damage.
Unknown command.
You barely miss the acid dragon.
The acid dragon is heavily wounded.
You can drink potions again.
The acid dragon bites you!
You feel threatened and lose the ability to drink potions!
You die...

.... .D.. .. ### #..
.... .. ..# #.. #..
.#...# # #.. .#...##
# #####.###....... #
#####.....#.........
#
......)##.#D......#
. ....?...)))@.# .#
.......###))## ..
....... #### ..
...$... .......
....... #######


You could see an acid dragon (catching breath).

Vanquished Creatures
  2 two-headed ogres (D:7)
  Maggie (D:7)
  A hornet (D:7)
  A wraith (D:7)
  A steam dragon (D:6)
  A vampire mosquito (D:7)
  2 black bears
  2 ice beasts (D:7)
  2 sky beasts
  2 ogres
  7 centaurs
  3 kobold brigands
  7 bullfrogs
  A gnoll sergeant (D:8)
  2 scorpions
  6 wights (D:7)
  3 killer bees (D:7)
  3 howler monkeys (D:7)
  6 hounds
  Crazy Yiuf (D:5)
  A gnoll bouda (D:7)
  2 sleepcaps
  Jessica (D:2)
  6 iguanas
  3 orc wizards
  8 adders
  7 gnolls
  3 white imps
  An ufetubus (D:5)
  3 worms (D:4)
  16 orcs
  5 bats
  4 endoplasms
  4 giant cockroaches
  9 goblins
  9 hobgoblins
  A jackal (D:2)
  5 quokkas
  8 ball pythons
  3 frilled lizards
  15 kobolds
  2 rats
170 creatures vanquished.

Vanquished Creatures (collateral kills)
  A ball python (D:4)
1 creature vanquished.

Vanquished Creatures (others)
  A wizard (D:5)
1 creature vanquished.

Grand Total: 172 creatures vanquished

Notes
Turn   | Place    | Note
-------+----------+-------------------------------------------
     0 | D:1      | Gargoyl the Gargoyle Berserker began the quest for the Orb.
     0 | D:1      | Reached XP level 1. HP: 14/14 MP: 1/1
   322 | D:1      | Reached XP level 2. HP: 17/19 MP: 2/2
   554 | D:1      | Found a faded altar of an unknown god.
   690 | D:1      | Reached XP level 3. HP: 23/24 MP: 3/3
   690 | D:1      | Reached ** piety under Trog
  1162 | D:2      | Reached XP level 4. HP: 29/29 MP: 4/4
  1344 | D:2      | Noticed Jessica
  1352 | D:2      | Killed Jessica
  1353 | D:2      | Reached skill level 3 in Armour
  1356 | D:2      | Reached XP level 5. HP: 20/33 MP: 5/5
  1708 | D:3      | Found a blossoming altar of Fedhas.
  1712 | D:3      | Found a glowing silver altar of Zin.
  2498 | D:4      | Noticed an ogre
  2507 | D:4      | Killed an ogre
  2508 | D:4      | Reached XP level 6. HP: 38/38 MP: 6/6
  2541 | D:4      | Reached skill level 4 in Armour
  2690 | D:4      | Found a staircase to the Ecumenical Temple.
  3074 | D:4      | Noticed a black bear
  3080 | D:4      | Killed a black bear
  3089 | D:4      | Reached XP level 7. HP: 44/44 MP: 7/7
  3305 | D:4      | Reached skill level 5 in Axes
  3314 | D:5      | Entered Level 5 of the Dungeon
  3405 | D:5      | Reached skill level 5 in Armour
  3651 | D:5      | Found Angauki's Antique Armour Shop.
  3652 | D:5      | Gained mutation: Your body sometimes deteriorates upon
                  | taking damage. [potion of mutation]
  3652 | D:5      | Gained mutation: You occasionally lose the ability to drink
                  | potions when taking damage. [potion of mutation]
  3652 | D:5      | Gained mutation: You have hidden genetic potential. [potion
                  | of mutation]
  3652 | D:5      | Gained mutation: You expend magic power (3 MP) to
                  | strengthen your wands. [potion of mutation]
  3657 | D:5      | Bought a pair of embroidered gloves for 135 gold pieces
  3657 | D:5      | Bought an ichor-stained scale mail for 162 gold pieces
  3657 | D:5      | Identified the +0 scale mail of the Hot Ocelot {rF+ Str+2
                  | Int+3 Dex+3} (You bought it in a shop on level 5 of the
                  | Dungeon)
  3808 | D:5      | Found a bloodstained altar of Trog.
  3890 | D:5      | Reached *** piety under Trog
  3938 | D:5      | Noticed a wizard
  3941 | D:5      | Killed a wizard
  3963 | D:5      | Found a shadowy altar of Dithmenos.
  3963 | D:5      | Found a snail-covered altar of Cheibriados.
  3993 | D:5      | Found a white marble altar of Elyvilon.
  4079 | D:5      | Found a runed translucent door.
  4080 | D:5      | Noticed Crazy Yiuf
  4090 | D:5      | Killed Crazy Yiuf
  4275 | D:6      | Reached XP level 8. HP: 48/48 MP: 8/8
  4282 | D:6      | Found a glowing golden altar of the Shining One.
  4294 | D:6      | Reached skill level 1 in Stealth
  4363 | D:6      | Identified the +4 falchion "Toirgh" {flame, rElec rPois
                  | Int+6}
  4430 | D:6      | Gained mutation: You have a somewhat thin skeletal
                  | structure. (Dex +2, Stealth+) [hidden potential]
  4515 | D:6      | Reached skill level 5 in Fighting
  4520 | D:6      | Reached skill level 6 in Armour
  4900 | D:7      | Reached skill level 7 in Armour
  5033 | D:7      | Noticed a hornet
  5040 | D:7      | Reached XP level 9. HP: 55/55 MP: 9/9
  5040 | D:7      | Noticed Maggie
  5042 | D:7      | Killed a hornet
  5051 | D:7      | Gained mutation: You are strong-willed. (Will+) [hidden
                  | potential]
  5051 | D:7      | Lost mutation: You have hidden genetic potential. [hidden
                  | potential expressed]
  5080 | D:7      | Killed Maggie
  5081 | D:7      | Reached skill level 1 in Long Blades
  5495 | D:7      | Found Qetiq's Book Shop.
  5639 | D:7      | Reached XP level 10. HP: 59/63 MP: 10/10
  5680 | D:7      | Noticed a two-headed ogre
  5681 | D:7      | Noticed a two-headed ogre
  5696 | D:7      | Killed a two-headed ogre
  5697 | D:7      | Reached skill level 8 in Armour
  5703 | D:7      | Killed a two-headed ogre
  5704 | D:7      | Reached skill level 5 in Long Blades
  6048 | D:7      | Found a shimmering blue altar of Sif Muna.
  6169 | D:8      | Reached **** piety under Trog
  6296 | D:8      | HP: 2/64 [acid dragon/splash of acid (8)]
  6299 | D:8      | Slain by an acid dragon

Illustrated notes

Levels and vault maps discovered:
D:1:      amcnicky_arrival_abandoned_market, layout_loops_corners,
          basic_ecumenical_altar, corexii_leaking_fountain
D:2:      minmay_recursive_quarters, layout_rooms, hangedman_decor_points,
          uniq_jessica
D:3:      layout_rooms, jmf_multi_god_temple, minmay_misc_feat_cross
D:4:      minmay_chambers_of_threes, layout_basic, temple_fountains,
          serial_co_window_serial, co_window_paths_b, co_window_paths_a,
          co_window_of_opportunity_a, co_window_paths_a, co_window_paths_a,
          co_window_of_opportunity_a, co_window_paths_a, co_window_corner_b,
          co_window_cross_3, co_window_broadway_c, glass_columns_a,
          glass_columns_c
D:5:      layout_gridville, gammafunk_temple_overflow_wave,
          nicolae_elyvilon_temple_path, trog_wizard, serial_shops,
          nicolae_shop_hallway_plus, uniq_crazy_yiuf_cottage
D:6:      layout_cave_pools, tso_metal_star
D:7:      nzn_winding_woodlands_three_and_one
          [nzn_winding_woodlands_5x15_pockets,
          nzn_winding_woodlands_5x15_jagged,
          nzn_winding_woodlands_5x15_longhouse,
          nzn_winding_woodlands_center_triple_pond], layout_loops_ring,
          lemuel_blue_sif_altar, serial_shops, shop, uniq_maggie
D:8:      layout_rooms, st_stairs_11

Skill      XL: |  1  2  3  4  5  6  7  8  9 10 |
---------------+-------------------------------+-----
Axes           | 3 4 5 7 |  7.7
Fighting       | 4 5 7 |  7.7
Armour         | 3 4 5 7 8 |  8.5
Dodging        | 2 3 4 |  4.8
Stealth        | 1 2 |  2.5
Long Blades    | 4 6 |  6.2
Throwing       | |  0.5

Action                     |  1- 3 |  4- 6 |  7- 9 | 10-12 || total
---------------------------+-------+-------+-------+-------++-------
  Melee: Hand axe          |   107 |   131 |   203 |    30 ||   471
         Punch             |     1 |       |     4 |     2 ||     7
         Falchion          |       |       |   122 |    87 ||   209
  Throw: Dart              |       |     4 |     2 |       ||     6
 Invoke: Berserk           |     1 |     2 |     6 |     1 ||    10
         Trog's Hand       |     1 |     2 |     4 |     2 ||     9
    Use: Scroll            |     2 |     9 |     7 |     2 ||    20
         Potion            |       |       |     5 |     1 ||     6
   Stab: Sleeping          |     1 |       |     1 |     2 ||     4
 Armour: Animal skin       |    19 |       |       |       ||    19
         Ring mail         |    36 |    75 |    54 |       ||   165
         Scale mail        |       |       |   204 |    87 ||   291
  Dodge: Dodged            |    76 |    99 |   255 |    85 ||   515

Table legend: (Time is in decaauts)
 A = Elapsed time spent in this place.
 B = Non-inter-level travel time spent in this place.
 C = Inter-level travel time spent in this place.
 D = Time resting spent in this place.
 E = Time spent auto-exploring this place.
 F = Levels seen in this place.
 G = Mean time per level.
                   A        B        C        D        E       F      G
               +--------+--------+--------+--------+--------+-----+--------+
         Total |   6441 |   6321 |    120 |      0 |   4664 |   8 |  805.1 |
       Dungeon |   6441 |   6321 |    120 |      0 |   4664 |   8 |  805.1 |
               +--------+--------+--------+--------+--------+-----+--------+

Top non-repeatable levels by time:
     D:7: 1410 daAuts
     D:4: 1177 daAuts
     D:1: 969 daAuts
     D:5: 942 daAuts
     D:2: 766 daAuts
     D:6: 554 daAuts
     D:3: 460 daAuts
     D:8: 160 daAuts
